 Dungeon Crawl Stone Soup version 0.31-a0-182-gc5ef74bbde (webtiles) character file.

Game seed: 14973428741759431915

712309 TittyCrusher the Middleweight Champion (level 27, 0/300 HPs)
             Began as a Purple Draconian Transmuter on June 19, 2023.
             Was the Champion of Cheibriados.
             Killed by an exploding jorogumo (32 damage)
             ... ignited by their inner flame
             ... on level 25 of a ziggurat on June 20, 2023.
             The game lasted 03:11:45 (57813 turns).

TittyCrusher the Middleweight Champion (DrTm)      Turns: 57813, Time: 03:11:46

Health: 0/300      AC: -5    Str: 50    XL:     27
Magic:  0/28       EV: 51    Int: 31    God:    Cheibriados [******]
Gold:   5078       SH:  0    Dex: 38    Spells: 10/55 levels left

rFire   . . .        b - melded staff "Jify" {rElec rC+ rN+ Str-3 Int+4 Air}
rCold   . . .        S - melded +3 buckler {AC+3}
rNeg    . . .        (body armour unavailable)
rPois   ∞            l - melded +1 hat "Dounk" {Harm SInv}
rElec   +            G - melded scarf of Cedyav Querph {shadows, +Blink Str+3 Dex+3}
rCorr   .            d - melded +1 pair of gloves "Manal" {rF+ rCorr Dex+2}
SInv    +            F - melded +2 pair of boots {Fly}
Will    ++++.        C - amulet "Vetese" {Faith Str+5 Int+3}
Stlth   +++          u - +6 ring of strength
HPRegen 0.70/turn    o - ring "Goavetun" {MP-9 Dex+8 Slay+2 SInv}
MPRegen 0.21/turn

%: faith
@: storm-form, wereblooded, corroded, blinkbolt cooldown, flying, slowed,
studying Axes, very slow
A: cleaving, insubstantial, flying, (breathe power), AC +13, unfitting armour,
(cold-blooded), low MP 1, robust 1
}: 2/15 runes: decaying, gossamer
a: Blinkbolt, End Transformation, Renounce Religion, Bend Time, Temporal
Distortion, Slouch, Step From Time


You were on level 25 of a ziggurat.
You worshipped Cheibriados.
Cheibriados was exalted by your worship.
You were a lightning-filled tempest!
You visited 10 branches of the dungeon, and saw 43 of its levels.
You visited 1 ziggurat, and saw 25 of its levels.
You also visited: Sewer and Ice Cave.

You collected 7481 gold pieces.
You spent 2403 gold pieces at shops.

Inventory:

Armour
 c - a scarf of resistance
 d - the +1 pair of gloves "Manal" (melded) {rF+ rCorr Dex+2}
   (You acquired it on level 3 of the Spider Nest)

   Dex:       It affects your dexterity (+2).
   rF:        It protects you from fire.
   rCorr:     It protects you from acid and corrosion.
 l - the +1 hat "Dounk" (melded) {Harm SInv}
   (You found it on level 4 of the Spider Nest)

   SInv:      It lets you see invisible.
   Harm:      It increases damage dealt and taken.
 v - the +10 tower shield of Ignorance {rN+ Int-4}
   (You found it on level 15 of a ziggurat)

   Int:       It affects your intelligence (-4).
   rN:        It protects you from negative energy.
 F - a +2 pair of boots of flying (melded)
 G - the scarf of Cedyav Querph (melded) {shadows, +Blink Str+3 Dex+3}
   (You acquired it on level 3 of the Spider Nest)

   Str:       It affects your strength (+3).
   Dex:       It affects your dexterity (+3).
   +Blink:    It lets you blink.
 S - a +3 buckler of protection (melded)
Magical Staves
 b - the staff "Jify" (melded) {rElec rC+ rN+ Str-3 Int+4 Air}
   (You found it on level 15 of a ziggurat)

   [staff of air]

   Base accuracy: +5 Base damage: 5 Base attack delay: 1.2 This weapon's minimum
   attack delay (0.6) is reached at skill level 12.
   Str:       It affects your strength (-3).
   Int:       It affects your intelligence (+4).
   rC:        It protects you from cold.
   rElec:     It insulates you from electricity.
   rN:        It protects you from negative energy.
   Air:       It increases the power of your Air spells.
   It falls into the 'Staves' category.
   It is a one-handed weapon.
 f - the staff "Ber Tait" {rF+ rC+ Stlth+ Earth}
   (You found it on level 8 of the Dungeon)

   [staff of earth]

   Base accuracy: +5 Base damage: 5 Base attack delay: 1.2 This weapon's minimum
   attack delay (0.6) is reached at skill level 12.
   rF:        It protects you from fire.
   rC:        It protects you from cold.
   Earth:     It increases the power of your Earth spells.
   Stlth:     It makes you more stealthy.
   It falls into the 'Staves' category.
   It is a one-handed weapon.
Jewellery
 a - the ring of the Tortoise {AC+8}
   (You found it on level 13 of a ziggurat)

   [ring of protection]

   AC:        It affects your AC (+8).
 g - the ring of Quitz {rF+ Will+ Int+5}
   (You found it on level 14 of a ziggurat)

   [ring of willpower]

   Int:       It affects your intelligence (+5).
   rF:        It protects you from fire.
   Will:      It increases your willpower.
 j - a ring of protection from fire
 o - the ring "Goavetun" (right fist) {MP-9 Dex+8 Slay+2 SInv}
   (You found it on level 8 of a ziggurat)

   [ring of see invisible]

   Dex:       It affects your dexterity (+8).
   Slay:      It affects your accuracy & damage with ranged weapons and melee
   (+2).
   MP:        It affects your magic capacity (-9).
   SInv:      It lets you see invisible.
 u - a +6 ring of strength (left fist)
 y - the ring of Zose Bucw {Fly rF++ Will+ Str-3 Slay+6}
   (You found it on level 16 of a ziggurat)

   [ring of willpower]

   Str:       It affects your strength (-3).
   Slay:      It affects your accuracy & damage with ranged weapons and melee
   (+6).
   rF:        It greatly protects you from fire.
   Fly:       It grants you flight.
   Will:      It increases your willpower.
 B - a ring of resist corrosion
 C - the amulet "Vetese" (around neck) {Faith Str+5 Int+3}
   (You found it on level 10 of a ziggurat)

   [amulet of faith]

   It allows you to gain divine favour quickly.
   Str:       It affects your strength (+5).
   Int:       It affects your intelligence (+3).
 H - the ring "Mipp" {rC+ Str+2 Dex+3}
   (You found it on level 22 of a ziggurat)

   [ring of protection from cold]

   Str:       It affects your strength (+2).
   Dex:       It affects your dexterity (+3).
   rC:        It protects you from cold.
 L - the amulet of Ukhosusikk {rElec rN+ Regen+}
   (You found it on level 21 of a ziggurat)

   [amulet of regeneration]

   rElec:     It insulates you from electricity.
   rN:        It protects you from negative energy.
   Regen:     It increases your rate of health regeneration.
 P - the ring of the Grim God {rElec Str+2 Dex+6}
   (You found it on level 17 of a ziggurat)

   [ring of dexterity]

   Str:       It affects your strength (+2).
   Dex:       It affects your dexterity (+6).
   rElec:     It insulates you from electricity.
 W - the ring of the Hare {EV+10}
   (You found it on level 18 of a ziggurat)

   [ring of evasion]

   EV:        It affects your evasion (+10).
 X - the ring of Plog {rC+ Int+6 Dex+3 Stlth-}
   (You found it on level 24 of a ziggurat)

   [ring of intelligence]

   Int:       It affects your intelligence (+6).
   Dex:       It affects your dexterity (+3).
   rC:        It protects you from cold.
   Stlth:     It makes you less stealthy.
Wands
 m - a wand of digging (9)
 r - a wand of flame (127)
 U - a wand of iceblast (81)
 Z - a wand of acid (40)
Scrolls
 i - 12 scrolls of amnesia
 k - 7 scrolls of silence
 p - 2 scrolls of immolation
 s - 27 scrolls of teleportation
 x - 4 scrolls of butterflies
 A - 5 scrolls of vulnerability
 D - 9 scrolls of fog
 E - 7 scrolls of fear
 R - 15 scrolls of revelation
 T - 11 scrolls of poison
 Y - 8 scrolls of blinking
Potions
 e - 12 potions of ambrosia
 h - 7 potions of enlightenment
 n - 9 potions of brilliance
 q - 9 potions of attraction
 t - 4 potions of magic
 w - 11 potions of haste
 z - 17 potions of cancellation
 I - 5 potions of might
 J - 23 potions of mutation
 K - a potion of heal wounds
 M - 20 potions of curing
 N - 9 potions of lignification
 O - 7 potions of invisibility
 Q - 2 potions of berserk rage
Miscellaneous
 V - a tin of tremorstones (2/2)


   Skills:
 O Level 27 Fighting
 - Level 18.6 Dodging
 - Level 15.3 Shields
 O Level 27 Unarmed Combat
 - Level 14.6 Spellcasting
 - Level 6.0 Translocations
 + Level 19.3 Transmutations
 - Level 3.1 Ice Magic
 + Level 18.8 Air Magic
 - Level 12.0 Earth Magic
 - Level 3.6 Poison Magic
 - Level 15.0 Invocations


You had 10 spell levels left.
You knew the following spells:

 Your Spells              Type           Power      Damage    Failure   Level
a - Ice Form              Ice/Tmut       75%        N/A       1%          4
b - Wereblood             Tmut           97%        N/A       0%          2
c - Spider Form           Tmut/Pois      76%        N/A       1%          3
d - Blade Hands           Tmut           48%        N/A       1%          5
e - Frozen Ramparts       Ice            84%        1d13      1%          3
f - Blink                 Tloc           100%       N/A       1%          2
g - Lesser Beckoning      Tloc           100%       N/A       1%          2
h - Statue Form           Tmut/Erth      58%        N/A       1%          6
i - Storm Form            Tmut/Air       48%        N/A       1%          7
j - Dragon Form           Tmut           48%        N/A       1%          7
k - Apportation           Tloc           100%       N/A       1%          1
l - Vhi's Electric Charg  Tloc/Air       100%       N/A       1%          3

Your spell library contained the following spells:

 Spells                   Type           Power      Damage    Failure   Level
 Beastly Appendage        Tmut           100%       N/A       0%          1
 Sandblast                Erth           100%       2d20      0%          1
 Passwall                 Tmut/Erth      73%        N/A       0%          2
 Swiftness                Air            96%        N/A       0%          3
 Airstrike                Air            48%        2d(7-23)  0%          4
 Foxfire                  Conj/Fire      88%        2x1d8     1%          1
 Freeze                   Ice            100%       1d10      1%          1
 Kiss of Death            Conj/Necr      88%        2d12      1%          1
 Magic Dart               Conj           88%        1d7       1%          1
 Necrotise                Necr           88%        1d8       1%          1
 Shock                    Conj/Air       100%       1d9       1%          1
 Sting                    Tmut/Pois      100%       1d8       1%          1
 Summon Small Mammal      Summ           88%        N/A       1%          1
 Cigotuvi's Dreadful Rot  Necr/Pois/Air  100%       N/A       1%          2
 Ensorcelled Hibernation  Hex/Ice        64%        N/A       1%          2
 Momentum Strike          Conj/Tloc      82%        3d10      1%          2
 Poisonous Vapours        Pois/Air       100%       N/A       1%          2
 Static Discharge         Conj/Air       100%       2-7/arc   1%          2
 Gell's Gravitas          Tloc           57%        N/A       1%          3
 Ignite Poison            Fire/Tmut/Pois 63%        N/A       1%          3
 Mephitic Cloud           Conj/Pois/Air  62%        N/A       1%          3
 Ozocubu's Armour         Ice            42%        N/A       1%          3
 Stone Arrow              Conj/Erth      100%       3d13      1%          3
 Teleport Other           Tloc           57%        N/A       1%          3
 Volatile Blastmotes      Fire/Tloc      82%        2d16      1%          3
 Leda's Liquefaction      Hex/Erth       28%        N/A       1%          4
 Manifold Assault         Tloc           57%        N/A       1%          4
 Passage of Golubria      Tloc           57%        N/A       1%          4
 Petrify                  Tmut/Erth      88%        N/A       1%          4
 Summon Lightning Spire   Summ/Air       69%        N/A       1%          4
 Alistair's Intoxication  Tmut/Pois      50%        N/A       1%          5
 Arcjolt                  Conj/Air       34%        1d44      1%          5
 Irradiate                Conj/Tmut      35%        3d23      1%          5
 Lee's Rapid Deconstruct  Erth           38%        3d19*     1%          5
 Yara's Violent Unravell  Hex/Tmut       35%        3d14      1%          5
 Freezing Cloud           Conj/Ice/Air   30%        6-21      2%          5
 Eringya's Noxious Bog    Tmut/Pois      38%        N/A       2%          6
 Call Imp                 Summ           44%        N/A       3%          2
 Scorch                   Fire           44%        2d6       3%          2
 Hailstorm                Conj/Ice       32%        3d8       3%          3
 Olgreb's Toxic Radiance  Pois           45%        N/A       4%          4
 Borgnjor's Vile Clutch   Necr/Erth      28%        N/A       4%          5
 Confusing Touch          Hex            22%        N/A       6%          3
 Dazzling Flash           Conj/Hex       44%        N/A       6%          3
 Tukima's Dance           Hex            22%        N/A       6%          3
 Vampiric Draining        Necr           22%        2d7       6%          3
 Iskenderun's Mystic Bla  Conj/Tloc      41%        2d9       6%          4
 Maxwell's Capacitive Co  Air            48%        ∞         6%          8
 Plasma Beam              Fire/Air       34%        2x1d47    7%          6
 Summon Ice Beast         Ice/Summ       32%        N/A       11%         4
 Summon Forest            Summ/Tloc      20%        N/A       16%         5
 Anguish                  Hex/Necr       11%        N/A       21%         4
 Animate Dead             Necr           22%        N/A       21%         4
 Cause Fear               Hex            11%        N/A       21%         4
 Dispel Undead            Necr           22%        3d12      21%         4
 Sticky Flame             Conj/Fire      22%        2d4       21%         4
 Dispersal                Tloc           28%        N/A       26%         6
 Leda's Unmaking          Conj/Erth      28%        9d5       26%         6
 Metabolic Englaciation   Hex/Ice        16%        N/A       30%         5
 Agony                    Necr           22%        N/A       50%         5
 Fireball                 Conj/Fire      11%        3d7       50%         5
 Iskenderun's Battlesphe  Conj           22%        2d8       50%         5
 Summon Mana Viper        Hex/Summ       22%        N/A       50%         5
 Simulacrum               Ice/Necr       16%        N/A       86%         6
 Necromutation            Tmut/Necr      35%        N/A       94%         8
 Death Channel            Necr           11%        N/A       97%         6
 Starburst                Conj/Fire      11%        6d5       97%         6
 Summon Cactus Giant      Summ           11%        N/A       97%         6
 Malign Gateway           Summ/Tloc      20%        N/A       99%         7
 Ozocubu's Refrigeration  Ice            21%        4d12      99%         7
 Haunt                    Necr/Summ      11%        N/A       100%        7
 Monstrous Menagerie      Summ           11%        N/A       100%        7
 Spellforged Servitor     Conj/Summ      11%        N/A       100%        7
 Summon Hydra             Summ           11%        N/A       100%        7
 Borgnjor's Revivificati  Necr           11%        N/A       100%        8
 Disjunction              Tloc           28%        N/A       100%        8
 Ignition                 Fire           11%        3d5       100%        8
 Infestation              Necr           11%        N/A       100%        8
 Lehudib's Crystal Spear  Conj/Erth      28%        10d7      100%        8
 Summon Horrible Things   Summ           11%        N/A       100%        8
 Chain Lightning          Conj/Air       34%        3d46      100%        9
 Death's Door             Necr           11%        N/A       100%        9
 Dragon's Call            Summ           11%        N/A       100%        9
 Fire Storm               Conj/Fire      11%        8d3       100%        9
 Shatter                  Erth           38%        3d30*     100%        9
 Animate Armour           Summ/Erth      Unusable   N/A       N/A         4

Dungeon Overview and Level Annotations

Branches:
Dungeon (15/15)            Temple (1/1) D:5            Lair (5/5) D:10
  Swamp (4/4) Lair:2       Spider (4/4) Lair:2        Slime (0/5) Lair:4
    Orc (2/2) D:9             Elf (3/3) Orc:2        Vaults (4/5) D:14
  Crypt (3/3) Vaults:2       Tomb (0/3) Crypt:3      Depths (2/4) D:15
  Sewer (visited)           IceCv (visited)

Altars:
Ashenzari
Cheibriados
Dithmenos
Elyvilon
Fedhas
Gozag
Hepliaklqana
Kikubaaqudgha
Makhleb
Nemelex Xobeh
Okawaru
Qazlal
Ru
Sif Muna
Trog
Uskayaw
Vehumet
Wu Jian
Xom
Yredelemnul
Zin
The Shining One

Shops:
D:1 ?   D:2 [   D:4 *   D:9 [(   Orc:2 (*![   Elf:3 :[(   Vaults:1 (
Vaults:2 :   Vaults:3 [[   Depths:1 =?

Portals:
Hell: Depths:1 Depths:2
Abyss: D:3 Depths:2
Pandemonium: Depths:1

Annotations:
D:3 1 runed translucent door, Crazy Yiuf
Lair:3 2 transporters
Swamp:2 2 transporters, Eboth's ghost, adept GnFi
Elf:2 3 runed translucent doors
Depths:2 1 runed translucent door


Innate Abilities, Weirdness & Mutations

You are a lightning-filled tempest!
Your electrical attacks strike out in all directions at once.
You are incredibly evasive.
Your insubstantial body is immune to petrification, constriction, and being set on fire You are flying.
You are immune to poison.
Your armour is entirely melded.
You are incapable of wielding weapons or throwing items.
((You can breathe bolts of dispelling energy.))
((Your rich purple scales are hard. (AC +13)))
You cannot fit into any form of body armour.
((You are cold-blooded and may be slowed by cold attacks.))
Your magical capacity is low. (-10% MP)
You are robust. (+10% HP)


Message History

You feel a bit better.
Cheibriados thoroughly appreciates the change of pace.
The fiery explosion engulfs the steelbarb worm simulacrum!!!
The steelbarb worm simulacrum melts!
The fiery explosion engulfs the entropy weaver simulacrum!!!
The entropy weaver simulacrum melts!
The entropy weaver simulacrum vaporises!
The fiery explosion engulfs the emperor scorpion!!
Flame seeps out of the emperor scorpion.
The emperor scorpion is lightly wounded.
The fiery explosion engulfs you!!
* * * LOW HITPOINT WARNING * * *
The steelbarb worm simulacrum explodes!
The fiery explosion engulfs the emperor scorpion!!!
Flame seeps out of the emperor scorpion.
The emperor scorpion is heavily wounded.
The fiery explosion engulfs the redback!!
Cheibriados thoroughly appreciates the change of pace.
The redback explodes!
The fiery explosion engulfs the redback!
Flame seeps out of the redback.
The redback is heavily wounded.
The fiery explosion engulfs the emperor scorpion!
Flame seeps out of the emperor scorpion.
The emperor scorpion is heavily wounded.
The fiery explosion engulfs the redback!!
Flame seeps out of the redback.
The redback is almost dead.
The fiery explosion engulfs the moth of wrath!
Flame seeps out of the moth of wrath.
The moth of wrath is moderately wounded.
The jorogumo explodes!
The fiery explosion engulfs the emperor scorpion!
Flame seeps out of the emperor scorpion.
The emperor scorpion is severely wounded.
The fiery explosion engulfs the emperor scorpion!!
Flame seeps out of the emperor scorpion.
The emperor scorpion is severely wounded.
The fiery explosion engulfs you!!
You die...

▓▓.........
▓▓.................
▓▓..................
▓▓...s○.......B..sH..
▓▓...........§.s.sys..
▓▓......†....§§§sssBss.
▓.∩....†.†...Z§syswyyw.
▓▓...........§○§sysssBw
▓▓..........§§v§yywwBB
▓▓........ssZ§○§H....
▓▓........§§§§§.....
▓▓.........§§§Z....
▓▓................
▓▓...............
▓........°.....
▓▓.............


You could see a broodmother (inner flame), 2 emperor scorpions, 2 jorogumos, a
boulder beetle (inner flame), 5 ghost moths, 2 entropy weavers, a steelbarb worm
(inner flame, soul bound), a spark wasp (inner flame, soul bound), 4 torpor
snails, a demonic crawler (inner flame), a moth of wrath (inner flame, soul
bound), 4 orb spiders, a culicivora (inner flame, soul bound), 2 pharaoh ants, 3
jumping spiders, a tarantella (inner flame, soul bound), 4 redbacks, a redback
simulacrum, a jorogumo simulacrum and a radroach simulacrum.

Vanquished Creatures
  The ghost of SirDiesAlot the Ruinous, a legendary GrEE of Gozag (Zig:8)
  9 dread liches
  3 ancient liches
  Mara (Swamp:3)
  Sojobo (Crypt:1)
  5 royal mummies
  Bai Suzhen (Swamp:3)
  Saint Roka (Vaults:4)
  10 caustic shrikes
  Xtahua (Vaults:3)
  A golden dragon (Zig:14)
  Jory (Crypt:3)
  3 bone dragons
  3 profane servitors (Zig:21)
  A pandemonium lord (Zig:5)
  2 iron giants (Zig:17)
  6 Hell Sentinels
  Rupert (Spider:1)
  8 tentacled monstrosities
  4 Ice Fiends (Zig:12)
  4 hellephants (Zig:24)
  Mlioglotl (Spider:2)
  Asterion (Elf:1)
  3 deep elf blademasters
  4 deep elf master archers
  4 liches
  3 quicksilver dragons
  2 sphinxes (Vaults:4)
  The ghost of Woitib the Devastator, an adept GrFE of Vehumet (Vaults:3)
  14 ancient champions
  An acid blob (Zig:4)
  Frances (Spider:1)
  Kirke (Swamp:3)
  17 revenants
  2 shadow dragons
  Donald (Swamp:4)
  3 tengu reavers
  2 thorn hunters
  Roxanne (Swamp:4)
  2 azure jellies
  4 draconian monks
  16 nagarajas (Zig:23)
  2 fenstrider witches
  11 emperor scorpions
  2 fire giants (Depths:1)
  2 demonspawn warmongers (Zig:5)
  3 frost giants
  5 draconian knights
  8 quicksilver elementals
  A caustic shrike zombie (Crypt:3)
  12 ghouls
  Aizul (Swamp:2)
  7 deep elf sorcerers (Elf:3)
  9 curse skulls
  A juggernaut zombie (Zig:13)
  5 draconian shifters
  4 draconian scorchers (Zig:20)
  A balrug (Depths:1)
  3 deep elf elementalists
  5 draconian stormcallers
  Louise (Swamp:4)
  11 vault wardens
  2 broodmothers
  8 stone giants
  3 draconian annihilators
  2 orc warlords
  18 ghost moths
  15 ironbound preservers
  4 formless jellyfish
  2 demonspawn corrupters
  2 caustic shrike skeletons
  3 quicksilver oozes (IceCv)
  5 very ugly things
  9 war gargoyles
  25 vampire knights
  7 reapers
  8 ironbound thunderhulks
  3 black draconians
  12 deep elf demonologists
  Azrael (Spider:1)
  6 purple draconians
  8 wendigos (Zig:12)
  14 dire elephants
  4 green draconians
  2 demonspawn black suns (Zig:8)
  5 eleionomae
  2 bennus (Zig:13)
  9 deep elf annihilators
  A red draconian (Zig:20)
  10 bunyips
  13 spark wasps
  8 yellow draconians
  A white draconian (Zig:10)
  10 eidola
  9 iron golems
  A spark wasp (shapeshifter) (Depths:2)
  18 ettins
  15 deep elf death magi
  A merfolk impaler (Zig:11)
  6 mummy priests
  2 merfolk javelineers (Zig:19)
  A fire dragon (Depths:2)
  20 entropy weavers
  2 green deaths (Zig:14)
  2 shambling mangroves
  15 jiangshi
  17 vault guards
  6 yaktaur captains
  5 deep elf high priests
  4 rakshasas
  A quicksilver dragon skeleton (Crypt:3)
  49 hydras
  4 jorogumos
  6 great orbs of eyes
  8 salamander tyrants (Zig:23)
  Fannar (Lair:3)
  An ice dragon (Depths:1)
  A spriggan zombie (Crypt:3)
  A spriggan air mage (Depths:1)
  An alligator snapping turtle (Zig:19)
  Harold (Lair:2)
  5 catoblepae
  3 ghost crabs
  6 ironbound frosthearts
  3 two-headed ogres
  2 merfolk avatars (Zig:11)
  16 centaur warriors
  9 death knights
  16 radroaches
  6 deep troll shamans
  6 alligators
  9 death yaks (Lair:5)
  A naga warrior (Zig:19)
  A two-headed ogre (shapeshifter) (Vaults:2)
  2 tengu warriors
  3 merfolk aquamancers
  4 deep troll earth magi
  2 satyrs
  24 vampire magi
  A death scarab (Zig:6)
  17 boulder beetles
  2 titan zombies
  9 demonic crawlers
  27 dancing weapons
  3 orc high priests (Orc:2)
  Sonja (Lair:3)
  3 spriggan berserkers
  6 storm dragon zombies
  5 shock serpents (Zig:23)
  8 naga sharpshooters (Zig:23)
  4 soul eaters
  A quicksilver ooze zombie (Crypt:1)
  18 deep elf knights
  3 skysharks (Lair:5)
  6 crystal echidnas
  Amaemon (Lair:2)
  14 spriggans
  10 shadow wraiths
  51 deep trolls
  7 goliath frogs
  A sun moth (Zig:25)
  A golden dragon zombie (Crypt:3)
  6 iron trolls (Depths:1)
  6 flayed ghosts
  16 pharaoh ants
  29 skeletal warriors
  An orb spider (shapeshifter) (Vaults:2)
  11 spriggan druids
  2 sea snakes (Zig:11)
  A naga ritualist (Zig:23)
  14 orb spiders
  A glowing orange brain (Vaults:3)
  A shadow dragon zombie (Vaults:4)
  2 orange crystal statues (Zig:21)
  3 lindwurms
  Pikel (D:4)
  5 bog bodies
  18 phantasmal warriors
  11 deep elf archers
  A sphinx zombie (Zig:13)
  2 obsidian statues (Zig:21)
  14 wizards
  18 ironbound convokers
  15 steelbarb worms
  11 necromancers
  19 deep elf zephyrmancers
  14 swamp dragons
  10 orc knights
  39 deep elf pyromancers
  3 manticores (Zig:11)
  9 harpies
  A salamander (Zig:23)
  A salamander (shapeshifter) (Vaults:2)
  20 wolf spiders
  4 fauns (Zig:11)
  7 will-o-the-wisps
  45 ugly things
  7 cyclopes
  A broodmother zombie (Crypt:3)
  An iron dragon skeleton (Crypt:3)
  A shock serpent zombie (Crypt:1)
  6 orc sorcerers
  9 moths of wrath
  Joseph (D:7)
  11 vault sentinels
  3 elephants (Lair:5)
  A water nymph (shapeshifter) (D:15)
  15 black mambas
  5 naga magi (Zig:23)
  44 slime creatures
  An ice statue (IceCv)
  A centaur zombie (Crypt:3)
  7 guardian serpents
  2 orange demons
  2 water nymphs (Zig:11)
  13 torpor snails
  12 cane toads
  An elf skeleton (Vaults:4)
  An unseen horror (D:10)
  2 hellions
  An elf zombie (Vaults:2)
  A kobold demonologist (Depths:2)
  26 yaktaurs
  19 komodo dragons
  3 tormentors
  An anaconda simulacrum (Crypt:3)
  3 rime drakes
  8 freezing wraiths
  A golden dragon simulacrum (Depths:1)
  A tengu conjurer (D:15)
  An ice devil (Depths:1)
  9 guardian mummies
  A red devil (Depths:1)
  3 human skeletons
  12 meliai
  A yellow draconian skeleton (Crypt:3)
  A pale draconian skeleton (Crypt:2)
  A bloated husk (Swamp:1)
  9 merfolk (Zig:11)
  3 burning bushes (Lair:1)
  4 polar bears
  30 tarantellas
  A wolf spider simulacrum (D:15)
  12 hornets
  A mana viper skeleton (Crypt:3)
  5 trolls
  A harpy zombie (Crypt:3)
  A harpy skeleton (Crypt:3)
  3 wind drakes
  10 blink frogs
  A frost giant simulacrum (Zig:12)
  15 tyrant leeches
  A tarantella (shapeshifter) (D:12)
  2 satyr zombies
  An ettin zombie (Depths:1)
  4 dream sheep (Lair:3)
  2 human simulacra
  2 stone giant simulacra
  8 flying skulls
  4 snapping turtles
  A ynoxinul (Zig:5)
  A fire dragon skeleton (Crypt:1)
  13 water elementals
  5 wyverns
  23 vampires
  23 jumping spiders
  20 culicivoras
  3 shadows
  A tyrant leech zombie (Crypt:3)
  7 air elementals
  8 wraiths
  A hog (Swamp:3)
  An ushabti (Zig:13)
  A neqoxec (Depths:1)
  72 yaks
  10 basilisks
  9 fire elementals
  20 vampire mosquitoes
  Eustachio (D:6)
  A redback (shapeshifter) (Vaults:4)
  2 wargs (Orc:1)
  57 redbacks
  13 swamp worms
  6 nagas
  The ghost of pokeman the Magician, an amateur DEHW (D:3)
  19 water moccasins
  4 acid dragons
  A glowing shapeshifter zombie (Vaults:4)
  12 swamp drakes
  5 hell hounds (Spider:1)
  A floating eye (D:10)
  A sky beast (D:7)
  A demonspawn skeleton (Crypt:2)
  2 great orb of eyes simulacra (IceCv)
  5 black bears
  33 orc warriors
  A lindwurm zombie (Crypt:1)
  4 ogres
  15 centaurs
  A boggart (shapeshifter) (Elf:1)
  An elephant skeleton (Crypt:3)
  27 wolves
  A tengu (shapeshifter) (D:8)
  5 boggarts (Vaults:1)
  A phantom (D:5)
  A lemure (D:4)
  3 slime creature simulacra (IceCv)
  8 kobold brigands
  13 bullfrogs
  3 gnoll sergeants
  3 human zombies (Vaults:2)
  A necrophage (Crypt:2)
  7 earth elementals
  4 glowing shapeshifter simulacra (IceCv)
  A salamander skeleton (Crypt:1)
  4 scorpions
  15 wights
  A small abomination (D:3)
  10 killer bees
  A spriggan skeleton (Crypt:3)
  3 howler monkeys
  2 electric eels (Lair:2)
  A basilisk zombie (Crypt:2)
  A quasit (D:3)
  15 orc priests
  A hound (D:5)
  6 jellies
  4 iguanas
  28 orc wizards
  A sleepcap (D:7)
  4 shapeshifter simulacra (IceCv)
  An ogre skeleton (Crypt:2)
  15 mummies
  7 gnolls
  A howler monkey skeleton (Crypt:3)
  14 adders
  2 river rats (Sewer)
  A steam dragon skeleton (Crypt:2)
  A shadow imp (D:5)
  A white imp (D:8)
  An ufetubus (D:5)
  An iguana zombie (Crypt:3)
  An adder skeleton (Crypt:3)
  A worm (D:3)
  6 dart slugs
  84 orcs
  2 endoplasms
  5 giant cockroaches
  7 goblins
  11 hobgoblins
  4 jackals (Sewer)
  6 quokkas
  6 ball pythons
  A ball python skeleton (Crypt:2)
  7 bats
  7 frilled lizards
  A frilled lizard skeleton (Crypt:2)
  A jackal skeleton (Crypt:2)
  15 kobolds
  An orc zombie (Crypt:1)
  5 rats
  A rat skeleton (Crypt:1)
  A foxfire (Swamp:3)
2502 creatures vanquished.

Vanquished Creatures (collateral kills)
  An orc warrior (D:10)
1 creature vanquished.

Vanquished Creatures (others)
  A nagaraja (Zig:23)
  A green draconian (Zig:20)
  2 alligators
  A naga warrior (Zig:19)
  A demonic crawler (Zig:25)
  A swamp dragon (Zig:14)
  A necromancer (Crypt:1)
  A deep elf zephyrmancer (Elf:2)
  A will-o-the-wisp (Zig:14)
  2 bloated husks
  A tyrant leech (Zig:14)
  A jumping spider (Zig:25)
  A yak (D:10)
  2 humans (Swamp:3)
  A redback (Zig:22)
  A swamp drake (Swamp:4)
  A centaur (D:13)
  An orc (Orc:2)
  20 foxfires
41 creatures vanquished.

Grand Total: 2544 creatures vanquished

Notes
Turn   | Place    | Note
-------+----------+-------------------------------------------
     0 | D:1      | TittyCrusher the Draconian Transmuter began the quest for
                  | the Orb.
     0 | D:1      | Reached XP level 1. HP: 16/16 MP: 3/3
    73 | D:1      | Found Ysteatae's Magic Scroll Shoppe.
   129 | D:1      | Reached XP level 2. HP: 23/23 MP: 5/5
   135 | D:1      | Learned a level 2 spell: Wereblood
   654 | D:2      | Reached XP level 3. HP: 28/28 MP: 6/6
   658 | D:2      | Learned a level 3 spell: Spider Form
   689 | D:2      | Found Rysko's Antique Armour Emporium.
   730 | D:2      | Gained mutation: Your magical capacity is low. (-10% MP)
                  | [potion of mutation]
   730 | D:2      | Gained mutation: You are robust. (+10% HP) [potion of
                  | mutation]
  1097 | D:2      | Reached skill level 1 in Poison Magic
  1332 | D:2      | Reached XP level 4. HP: 25/38 MP: 3/6
  1570 | D:1      | Bought a scroll of blinking for 105 gold pieces
  1642 | D:3      | Found a sparkling altar of Nemelex Xobeh.
  1687 | D:3      | Found a transporter.
  1703 | D:3      | Noticed a kobold brigand
  1704 | D:3      | Noticed pokeman's ghost (amateur DEHW)
  1716 | D:3      | Found a one-way gate to the infinite horrors of the Abyss.
  1777 | D:3      | Reached XP level 5. HP: 42/44 MP: 7/7
  2007 | D:1      | Bought a scroll of identify for 28 gold pieces
  2186 | D:3      | Found a transporter.
  2297 | D:3      | Found a runed translucent door.
  2298 | D:3      | Noticed Crazy Yiuf
  2422 | D:1      | Bought a scroll of identify for 28 gold pieces
  2422 | D:1      | Bought a scroll of identify for 28 gold pieces
  2942 | D:4      | Found Damij's Elemental Accessories.
  2989 | D:4      | Found a hide-covered altar of Uskayaw.
  3048 | D:4      | Found a glowing drain.
  3086 | Sewer    | Entered a sewer
  3156 | Sewer    | Reached XP level 6. HP: 46/51 MP: 5/10
  3623 | Sewer    | Your scales start taking on a rich purple colour.
  3623 | Sewer    | Reached XP level 7. HP: 47/57 MP: 9/12
  4224 | D:4      | Reached skill level 5 in Unarmed Combat
  4399 | D:4      | Found a glowing silver altar of Zin.
  4745 | D:4      | You fall into a shaft and drop 1 floor!
  4745 | D:5      | Entered Level 5 of the Dungeon
  4745 | D:5      | Found a staircase to the Ecumenical Temple.
  4749 | Temple   | Entered the Ecumenical Temple
  5125 | D:5      | Noticed Pikel
  5514 | D:4      | Killed Pikel
  5515 | D:4      | Reached XP level 8. HP: 31/64 MP: 10/13
  5756 | D:5      | Found an ornate altar of the Wu Jian Council.
  5783 | D:5      | Found a stormy altar of Qazlal.
  6848 | D:6      | Noticed Eustachio
  6871 | D:6      | Killed Eustachio
  6872 | D:6      | Reached skill level 10 in Unarmed Combat
  7184 | D:6      | Found a snail-covered altar of Cheibriados.
  7190 | D:6      | Became a worshipper of Cheibriados the Contemplative
  7651 | D:7      | Noticed Joseph
  7666 | D:7      | Killed Joseph
  7667 | D:7      | Reached XP level 9. HP: 68/70 MP: 11/14
  7918 | D:7      | Learned a level 4 spell: Ice Form
  8342 | D:7      | Reached * piety under Cheibriados
  9273 | D:8      | Noticed a cyclops
  9289 | D:7      | Reached ** piety under Cheibriados
  9294 | D:7      | Reached XP level 10. HP: 72/78 MP: 10/15
  9301 | D:7      | Reached skill level 5 in Dodging
  9406 | D:8      | Reached skill level 1 in Ice Magic
  9503 | D:8      | Killed a cyclops
  9791 | D:8      | Noticed a boulder beetle
 10064 | D:8      | Reached *** piety under Cheibriados
 10067 | D:8      | Noticed a cyclops
 10069 | D:8      | Noticed a catoblepas
 10079 | D:8      | Killed a cyclops
 10080 | D:8      | Identified the staff "Ber Tait" {rF+ rC+ Stlth+ Earth}
 10135 | D:8      | Killed a boulder beetle
 10342 | D:8      | Noticed a cyclops
 10349 | D:8      | Killed a cyclops
 10350 | D:8      | Reached XP level 11. HP: 59/84 MP: 13/16
 10448 | D:8      | Killed a catoblepas
 10916 | D:9      | Found Anygibb's Weapon Shoppe.
 10921 | D:9      | Reached **** piety under Cheibriados
 10963 | D:9      | Reached skill level 5 in Fighting
 10968 | D:9      | Found a staircase to the Orcish Mines.
 10972 | D:9      | Found Poaja's Armour Shoppe.
 11139 | D:9      | Found a blossoming altar of Fedhas.
 11139 | D:9      | Found a white marble altar of Elyvilon.
 11346 | D:10     | Entered Level 10 of the Dungeon
 11422 | D:10     | Reached ***** piety under Cheibriados
 11442 | D:10     | Found a staircase to the Lair.
 11468 | D:10     | Reached skill level 1 in Invocations
 11483 | Lair:1   | Entered Level 1 of the Lair of Beasts
 11705 | D:10     | Reached skill level 5 in Invocations
 11748 | D:10     | Paralysed by a floating eye for 2 turns
 12271 | D:10     | Found a sacrificial altar of Ru.
 12518 | Lair:1   | Identified 2 scrolls of acquirement
 12519 | Lair:1   | Acquired a book of Iron
 12589 | Lair:1   | Reached XP level 12. HP: 106/106 MP: 7/17
 12756 | Lair:1   | Reached ****** piety under Cheibriados
 12810 | Lair:1   | Learned a level 5 spell: Blade Hands
 12908 | Lair:1   | Reached skill level 5 in Transmutations
 13723 | Lair:2   | Noticed Harold
 13723 | Lair:2   | Noticed a four-headed hydra
 13724 | Lair:2   | Upgraded the game from 0.31-a0-180-g519b7de00c to
                  | 0.31-a0-182-gc5ef74bbde
 13730 | Lair:2   | Killed Harold
 13962 | Lair:2   | Noticed a boulder beetle
 13975 | Lair:2   | Killed a boulder beetle
 14084 | Lair:2   | Killed a four-headed hydra
 14135 | Lair:2   | Reached skill level 15 in Unarmed Combat
 14332 | Lair:2   | Found a hole to the Spider Nest.
 14433 | Lair:2   | Noticed Amaemon
 14440 | Lair:2   | Killed Amaemon
 14544 | Lair:2   | Reached XP level 13. HP: 85/114 MP: 14/18
 14853 | Lair:2   | Found a staircase to the Swamp.
 15048 | Lair:2   | Identified the +1 ring mail of Midwinter {Harm Will- Regen+
                  | Int+2}
 15538 | Lair:3   | Noticed Sonja
 15561 | Lair:3   | Killed Sonja
 15630 | Lair:3   | Noticed Fannar
 15638 | Lair:3   | Killed Fannar
 15704 | Lair:3   | Found the +3 greatsling "Punk" {acid, rCorr}
 15770 | Lair:3   | Found a transporter.
 15773 | Lair:3   | Found a transporter.
 16562 | Lair:3   | Learned a level 3 spell: Frozen Ramparts
 17131 | Lair:4   | Found a staircase to the Slime Pits.
 17304 | Lair:5   | Entered Level 5 of the Lair of Beasts
 17488 | Lair:5   | Reached skill level 10 in Invocations
 17592 | Lair:5   | Identified the +9 war axe "Goblinslayer" {speed, rC- rCorr
                  | Str+3}
 17695 | Lair:5   | Reached XP level 14. HP: 67/122 MP: 20/20
 18718 | Lair:5   | Got the Disquisition on Displacement and Toxicity
 19242 | D:3      | Killed pokeman's ghost
 19297 | D:3      | Learned a level 2 spell: Blink
 19300 | D:3      | Learned a level 2 spell: Lesser Beckoning
 19462 | D:1      | Bought a scroll of identify for 28 gold pieces
 19462 | D:1      | Bought 3 scrolls of blinking for 315 gold pieces
 19462 | D:1      | Bought a scroll of identify for 28 gold pieces
 19463 | D:1      | Reached XP level 15. HP: 128/128 MP: 22/22
 19464 | D:1      | Bought a scroll of poison for 56 gold pieces
 22013 | D:13     | Reached skill level 15 in Invocations
 23117 | D:14     | Found a gate to the Vaults.
 23356 | D:14     | Found a shimmering altar of Xom.
 23356 | D:14     | Found a shimmering altar of Xom.
 23356 | D:14     | Found a shimmering altar of Xom.
 23356 | D:14     | Found a shimmering altar of Xom.
 23369 | D:14     | Found a shimmering altar of Xom.
 23369 | D:14     | Found a shimmering altar of Xom.
 23369 | D:14     | Found a shimmering altar of Xom.
 23369 | D:14     | Found a shimmering altar of Xom.
 23624 | D:15     | Entered Level 15 of the Dungeon
 23658 | D:15     | Reached XP level 16. HP: 124/136 MP: 24/24
 24711 | D:15     | Paralysed by a great orb of eyes for 2 turns
 24826 | D:15     | Found a staircase to the Depths.
 25203 | Orc:1    | Entered Level 1 of the Orcish Mines
 25321 | Orc:2    | Entered Level 2 of the Orcish Mines
 25358 | Orc:1    | Found a frozen archway.
 25364 | IceCv    | Entered an ice cave
 25656 | IceCv    | Found a viscous altar of Jiyva.
 25743 | IceCv    | Got the ring of Fun {Ice Str+2}
 25744 | IceCv    | Identified the ring of the Final Nightingales {rElec rC+
                  | Str-3 Dex+2}
 25751 | IceCv    | Got the ring of Runyss {Ice rPois Will+}
 26763 | Orc:2    | Found a staircase to the Elven Halls.
 27303 | Orc:2    | Found Lysuemar's Antique Armour Boutique.
 27303 | Orc:2    | Found Riohacom's Weapon Boutique.
 27304 | Orc:2    | Found Cofuhe's Distillery.
 27304 | Orc:2    | Found Afejaeliunt's General Store.
 27340 | Orc:2    | Bought a pair of glowing boots for 165 gold pieces
 27356 | Orc:2    | Bought a pair of runed gloves for 165 gold pieces
 27358 | Orc:2    | Bought a potion of invisibility for 120 gold pieces
 27358 | Orc:2    | Bought 2 potions of invisibility for 240 gold pieces
 27358 | Orc:2    | Bought a potion of curing for 45 gold pieces
 27366 | Orc:2    | Bought 2 potions of curing for 84 gold pieces
 27600 | Spider:1 | Entered Level 1 of the Spider Nest
 27902 | Spider:1 | Reached skill level 10 in Transmutations
 28041 | Spider:1 | Noticed Frances
 28056 | Spider:1 | Killed Frances
 28074 | Spider:1 | Noticed Rupert
 28246 | Spider:1 | Noticed Azrael
 28251 | Spider:1 | Killed Azrael
 28514 | Spider:1 | Killed Rupert
 28614 | Spider:1 | Reached XP level 17. HP: 44/143 MP: 23/25
 29398 | Spider:2 | Noticed Mlioglotl
 29414 | Spider:2 | Killed Mlioglotl
 29441 | Spider:2 | Reached skill level 10 in Dodging
 30565 | Spider:3 | Acquired the amulet "Earthly Heaven" {RegenMP rElec}
 30567 | Spider:3 | Acquired the +1 pair of gloves "Manal" {rF+ rCorr Dex+2}
 30568 | Spider:3 | Acquired the scarf of the True Pharaoh {harm, Int+3}
 30569 | Spider:3 | Acquired the scarf of Cedyav Querph {shadows, +Blink Str+3
                  | Dex+3}
 31251 | Spider:4 | Entered Level 4 of the Spider Nest
 31281 | Spider:4 | Identified the +1 chain mail of Follow the Leader {Rampage
                  | Int+3}
 32567 | Spider:4 | Got a gossamer rune of Zot
 32581 | Spider:4 | Identified the +1 hat "Dounk" {Harm SInv}
 32853 | Swamp:1  | Entered Level 1 of the Swamp
 32884 | Swamp:1  | Reached skill level 1 in Shields
 34072 | Swamp:2  | Noticed Aizul
 34078 | Swamp:2  | Killed Aizul
 34086 | Swamp:2  | Reached XP level 18. HP: 150/150 MP: 23/26
 34095 | Swamp:2  | Reached skill level 5 in Shields
 34139 | Swamp:2  | Found a transporter.
 34143 | Swamp:2  | Noticed Eboth's ghost (adept GnFi)
 34349 | Swamp:2  | Found a transporter.
 35175 | Swamp:3  | Noticed Bai Suzhen
 35185 | Swamp:3  | Killed Bai Suzhen
 35186 | Swamp:3  | Reached skill level 10 in Fighting
 35389 | Swamp:3  | Noticed Kirke
 35395 | Swamp:3  | Killed Kirke
 35705 | Swamp:4  | Entered Level 4 of the Swamp
 35705 | Swamp:4  | Noticed Mara
 35710 | Swamp:4  | Noticed TittyCrusher's illusion
 35850 | Swamp:4  | Noticed Louise
 36182 | Swamp:4  | Killed Louise
 36440 | Swamp:4  | Noticed TittyCrusher's illusion
 36451 | Swamp:3  | Killed Mara
 37015 | Swamp:4  | Identified Roxanne's Tome of Reconstruction
 37015 | Swamp:4  | Noticed Roxanne
 37022 | Swamp:4  | Noticed Donald
 37032 | Swamp:4  | Killed Donald
 37047 | Swamp:4  | Killed Roxanne
 37345 | Swamp:4  | Reached skill level 5 in Spellcasting
 37652 | Swamp:4  | Learned a level 6 spell: Statue Form
 37661 | Swamp:4  | Reached skill level 1 in Earth Magic
 37875 | Swamp:4  | Got a decaying rune of Zot
 37932 | Swamp:4  | Identified the +10 sling of the Transmuting Queen
                  | {antimagic, rN+ Str+5 Dex+3}
 38204 | Elf:1    | Entered Level 1 of the Elven Halls
 38241 | Elf:1    | Noticed Asterion
 38283 | Elf:1    | Killed Asterion
 38284 | Elf:1    | Reached skill level 5 in Earth Magic
 38512 | Elf:1    | Paralysed by an air elemental for 1 turns
 38691 | Elf:1    | Reached XP level 19. HP: 169/169 MP: 27/27
 39284 | Elf:1    | Paralysed by an air elemental for 1 turns
 39839 | Elf:2    | Paralysed by an air elemental for 1 turns
 40369 | Elf:2    | Identified the +1 falchion of the Sufficient God {elec,
                  | Int+4}
 40484 | Elf:2    | Reached skill level 10 in Earth Magic
 40530 | Elf:2    | Found a runed translucent gate.
 40531 | Elf:2    | Found a runed translucent gate.
 40531 | Elf:2    | Found a runed translucent gate.
 40839 | Elf:3    | Entered Level 3 of the Elven Halls
 41207 | Elf:3    | Found Aroemp's Armour Boutique.
 41231 | Elf:3    | Bought a +1 buckler of protection for 214 gold pieces
 41297 | Elf:3    | Found Mirut's Antique Weapon Emporium.
 41447 | Elf:3    | Found Onlocuy's Book Shoppe.
 41870 | Elf:3    | Noticed a Brimstone Fiend
 42014 | Elf:3    | Identified the +5 spear of Tomorrow {flame, Int+2}
 42019 | Elf:3    | Noticed a Brimstone Fiend
 42021 | Elf:3    | Identified the +4 morningstar of Sudden Death {freeze,
                  | Int+3}
 42022 | Elf:3    | Identified the +0 scale mail "Qiphauz" {-Tele Rampage rElec
                  | rC+ Will+}
 42023 | Elf:3    | Identified the +3 ring mail of the Sunfish {Stlth+}
 42035 | Elf:3    | Identified the +3 short sword of Callousness {venom, Str+5}
 42500 | Elf:3    | Identified the +4 helmet of the Ten Prophets {*Slow rPois
                  | Regen+ Str+2}
 42560 | Elf:3    | Got the Folio of the Sinister Wendigo
 42562 | Elf:3    | Identified the +1 helmet of Foolhardiness {Rampage +Inv rF+
                  | Int-3}
 42582 | Elf:3    | Identified the staff "Othais" {rF+ Int+5 Earth}
 42588 | Elf:3    | Got the Codex of the Illusory Orbs
 43042 | Vaults:1 | Entered Level 1 of the Vaults
 43091 | Vaults:1 | Reached XP level 20. HP: 177/177 MP: 22/28
 43215 | Vaults:1 | Identified the amulet "Yrisyt" {Reflect rElec rN+ Str-2
                  | Int+3 SH+5}
 43870 | Vaults:1 | Reached skill level 15 in Dodging
 44421 | Vaults:1 | Found Imyox's Weapon Emporium.
 44867 | Vaults:2 | Found Diadgh's Book Shoppe.
 44882 | Vaults:2 | Learned a level 7 spell: Storm Form
 44962 | Vaults:2 | Found a staircase to the Crypt.
 44983 | Crypt:1  | Entered Level 1 of the Crypt
 45032 | Crypt:1  | Reached XP level 21. HP: 184/184 MP: 15/30
 45186 | Crypt:1  | Noticed Sojobo
 45192 | Crypt:1  | Killed Sojobo
 45527 | Crypt:1  | Reached skill level 10 in Shields
 46815 | Crypt:3  | Entered Level 3 of the Crypt
 46905 | Crypt:3  | Noticed a dread lich
 46913 | Crypt:3  | Killed a dread lich
 47131 | Crypt:3  | Reached skill level 15 in Shields
 47452 | Crypt:3  | Found a staircase to the Tomb.
 47663 | Crypt:3  | Got Sif Muna's Parchment of the Blasted Welkin
 47913 | Crypt:3  | Identified the +1 pair of gloves of the Solstice {rElec}
 47938 | Crypt:3  | Noticed Jory
 47938 | Crypt:3  | Found the +9 sword of Zonguldrok {reap}
 47945 | Crypt:3  | Killed Jory
 47952 | Crypt:3  | Identified the +11 war axe of Strategic Superiority {holy,
                  | rN+ Str-3 Dex+3}
 47958 | Crypt:3  | Identified the +0 leather armour of Midwinter {Fly rPois
                  | Stlth-}
 47959 | Crypt:3  | Identified the +1 plate armour "Tyeheaff" {Contam rPois
                  | Str+3 Slay+4}
 47960 | Crypt:3  | Identified the +2 spear "Goblinbane" {heavy, *Rage rN++
                  | Int+2}
 47973 | Crypt:3  | Identified the staff of Ointment {rC+ rN+ Conj}
 48041 | Crypt:3  | Reached XP level 22. HP: 209/209 MP: 31/31
 48130 | Crypt:3  | Found the +0 pair of fencer's gloves {Riposte Dex+3}
 48323 | Vaults:2 | Reached skill level 15 in Fighting
 48876 | Vaults:3 | Noticed Xtahua
 48879 | Vaults:3 | Killed Xtahua
 49017 | Vaults:3 | Found a large runed translucent door.
 49017 | Vaults:3 | Found a large runed translucent door.
 49018 | Vaults:3 | Found a large runed translucent door.
 49018 | Vaults:3 | Found a large runed translucent door.
 49018 | Vaults:3 | Found a large runed translucent door.
 49018 | Vaults:3 | Found a large runed translucent door.
 49018 | Vaults:3 | Found a large runed translucent door.
 49018 | Vaults:3 | Found a large runed translucent door.
 49018 | Vaults:3 | Noticed Woitib's ghost (adept GrFE)
 49313 | Vaults:3 | Found Setigoc's Armour Shop.
 49429 | Vaults:3 | Found Ahing's Armour Emporium.
 49493 | Vaults:3 | Identified the +5 war axe of Darkness {venom, rC++ Str+8
                  | Dex-5}
 49986 | Vaults:3 | Killed Woitib's ghost
 49993 | Vaults:3 | Identified the +1 hat of Xishanuf {rPois Str+3 Dex-4}
 50529 | Vaults:4 | Noticed Saint Roka
 50543 | Vaults:4 | Killed Saint Roka
 51540 | Vaults:4 | Identified the +5 quarterstaff of Kiod {flame, Fragile
                  | rElec Str-2 Int+9}
 51822 | Depths:1 | Entered Level 1 of the Depths
 51983 | Depths:1 | Reached XP level 23. HP: 232/232 MP: 25/32
 52010 | Depths:1 | Found Itasor's Jewellery Shop.
 52049 | Depths:1 | Found Haemom's Magic Scroll Boutique.
 52057 | Depths:1 | Bought a scroll of blinking for 157 gold pieces
 52057 | Depths:1 | Bought a scroll of blinking for 157 gold pieces
 52057 | Depths:1 | Bought a scroll of teleportation for 63 gold pieces
 52057 | Depths:1 | Bought a scroll of teleportation for 63 gold pieces
 52057 | Depths:1 | Bought a scroll of blinking for 157 gold pieces
 52057 | Depths:1 | Bought a scroll of revelation for 157 gold pieces
 52117 | Depths:1 | Found a hide-covered altar of Uskayaw.
 52156 | Depths:1 | Reached skill level 1 in Air Magic
 52344 | Depths:1 | Found a one-way gate leading to the halls of Pandemonium.
 52455 | Depths:1 | Found a gateway to Hell.
 52483 | Depths:1 | Reached skill level 5 in Air Magic
 53138 | Depths:2 | Noticed a juggernaut
 53139 | Depths:2 | Found a runed translucent door.
 53235 | Depths:2 | Found a radiant altar of Vehumet.
 53579 | Depths:2 | Found a one-way gateway to a ziggurat.
 53593 | Zig:1    | Entered Level 1 of a ziggurat
 53613 | Zig:2    | Entered Level 2 of a ziggurat
 53648 | Zig:3    | Entered Level 3 of a ziggurat
 53651 | Zig:3    | Found the +8 trishula "Condemnation" {holy, anguish, *Noise
                  | Fly rN+}
 53660 | Zig:3    | Reached skill level 10 in Air Magic
 53682 | Zig:4    | Entered Level 4 of a ziggurat
 53711 | Zig:5    | Entered Level 5 of a ziggurat
 53717 | Zig:5    | Noticed Ithis the pandemonium lord
 53726 | Zig:5    | Killed Ithis the pandemonium lord
 53743 | Zig:5    | Identified the +4 dagger "Zonletasch" {elec, rElec rN+
                  | Str+2}
 53744 | Zig:5    | Identified the amulet "Tuidwazilu" {Acrobat Str+4}
 53865 | Zig:6    | Entered Level 6 of a ziggurat
 53873 | Zig:6    | Noticed a royal mummy
 53873 | Zig:6    | Noticed a royal mummy
 53878 | Zig:6    | Killed a royal mummy
 53880 | Zig:6    | Killed a royal mummy
 54147 | Zig:7    | Entered Level 7 of a ziggurat
 54157 | Zig:7    | Noticed an ancient lich
 54169 | Zig:7    | Killed an ancient lich
 54186 | Zig:7    | Reached XP level 24. HP: 242/242 MP: 32/32
 54187 | Zig:7    | Identified the +9 arbalest "Usmeli" {elec, Will+}
 54188 | Zig:7    | Identified the staff of Nightmares {rF+ rCorr Str+4 Dex+5
                  | Stlth- Fire}
 54192 | Zig:7    | Reached XP level 25. HP: 248/248 MP: 32/32
 54204 | Zig:8    | Entered Level 8 of a ziggurat
 54213 | Zig:8    | Noticed SirDiesAlot's ghost (legendary GrEE)
 54216 | Zig:8    | Killed SirDiesAlot's ghost
 54232 | Zig:8    | Identified the ring "Goavetun" {MP-9 Dex+8 Slay+2 SInv}
 54240 | Zig:8    | Got Sif Muna's Last Wisdom of the Archmage
 54252 | Zig:8    | Identified the +0 pair of gloves of Rojour {Slay+3}
 54259 | Zig:9    | Entered Level 9 of a ziggurat
 54268 | Zig:9    | Noticed a dread lich
 54269 | Zig:9    | Noticed a dread lich
 54271 | Zig:9    | Killed a dread lich
 54276 | Zig:9    | Killed a dread lich
 54302 | Zig:9    | Identified the +3 rapier "Dragonbane" {freeze, rPois rF++
                  | rN+ Str-4}
 54305 | Zig:9    | Identified the ring of Oenomania {Fire Will+ Str+2}
 54306 | Zig:9    | Identified the +2 plate armour of the Thirteen Artists {rF+
                  | Int+4}
 54413 | Zig:10   | Entered Level 10 of a ziggurat
 54423 | Zig:10   | Found the +7 Spriggan's Knife {stab, EV+4 Stlth+}
 54436 | Zig:10   | Reached XP level 26. HP: 206/257 MP: 8/32
 54517 | Zig:10   | Reached XP level 27. HP: 233/266 MP: 23/32
 54525 | Zig:10   | Identified the amulet "Vetese" {Faith Str+5 Int+3}
 54562 | Zig:11   | Entered Level 11 of a ziggurat
 54576 | Zig:11   | Reached skill level 15 in Transmutations
 54633 | Zig:11   | Learned a level 7 spell: Dragon Form
 54640 | Zig:11   | Identified the +5 plate armour "Zunaeh" {Will+}
 54648 | Zig:11   | Identified the +7 whip of Zinuss {flame, *Corrode Str+2
                  | SInv}
 54760 | Zig:12   | Entered Level 12 of a ziggurat
 54787 | Zig:12   | Paralysed by a wendigo for 1 turns
 54802 | Zig:12   | Reached skill level 10 in Spellcasting
 55159 | Zig:12   | Identified the +1 hand axe of the Exiled Beds {heavy, rElec
                  | rF- rCorr}
 55165 | Zig:12   | Identified the staff of Execution {rPois Will+++ Str-5
                  | Dex-4 Earth Poison}
 55263 | Zig:13   | Entered Level 13 of a ziggurat
 55272 | Zig:13   | Noticed a royal mummy
 55272 | Zig:13   | Noticed a royal mummy
 55272 | Zig:13   | Noticed a royal mummy
 55272 | Zig:13   | Found the +5 demon whip "Spellbinder" {antimagic, disrupt,
                  | Will+}
 55272 | Zig:13   | Found the ring of the Tortoise {AC+8}
 55296 | Zig:13   | Killed a royal mummy
 55296 | Zig:13   | Killed a royal mummy
 55302 | Zig:13   | Killed a royal mummy
 55673 | Zig:13   | Got Sif Muna's Atlas of the Destructive Bonfire
 55674 | Zig:13   | Identified the staff "Ynotar" {Drain rElec rN+ Int+3 Dex+2
                  | Air}
 55677 | Zig:13   | Identified the +4 orcbow "Xote" {freeze, rC+ Str+2 Dex+2}
 55679 | Zig:13   | Identified the staff "Ablinn" {rElec rF+ Str+3 Int+5 Fire}
 55688 | Zig:14   | Entered Level 14 of a ziggurat
 55726 | Zig:14   | Noticed a dread lich
 55734 | Zig:14   | Killed a dread lich
 55766 | Zig:14   | Identified the +0 falchion of Vuqoitiss {freeze, rN+}
 55768 | Zig:14   | Identified the +8 rapier "Giantbane" {heavy, rF- rC+ rCorr
                  | Str+3}
 55770 | Zig:14   | Identified the +7 war axe "Gusmah" {freeze, *Slow +Blink
                  | Int+3 SInv}
 55777 | Zig:14   | Identified the ring of Quitz {rF+ Will+ Int+5}
 55869 | Zig:15   | Entered Level 15 of a ziggurat
 55915 | Zig:15   | Found the +10 tower shield of Ignorance {rN+ Int-4}
 55946 | Zig:15   | Identified the staff "Roobbier" {rF+ Dex+2 Fire}
 55947 | Zig:15   | Identified the ring of Sin {rElec rPois rC++ Str-5 Int+6}
 55950 | Zig:15   | Identified the staff "Jify" {rElec rC+ rN+ Str-3 Int+4 Air}
 56019 | Zig:16   | Entered Level 16 of a ziggurat
 56075 | Zig:16   | Identified the +6 eveningstar "Egg" {holy, rC++ Dex-2}
 56084 | Zig:16   | Identified the ring of Zose Bucw {Fly rF++ Will+ Str-3
                  | Slay+6}
 56110 | Zig:16   | Acquired 827 gold pieces
 56231 | Zig:17   | Entered Level 17 of a ziggurat
 56247 | Zig:17   | Noticed a dread lich
 56273 | Zig:17   | Killed a dread lich
 56307 | Zig:17   | Reached skill level 27 in Unarmed Combat
 56359 | Zig:17   | Found the +2 Maxwell's thermic engine {flame, freeze, rev}
 56374 | Zig:17   | Identified the amulet "Lenim" {RegenMP Harm rElec Stlth+}
 56380 | Zig:17   | Identified the amulet "Wuunki" {Acrobat rElec Will+}
 56382 | Zig:17   | Identified the ring of the Grim God {rElec Str+2 Dex+6}
 56394 | Zig:18   | Entered Level 18 of a ziggurat
 56411 | Zig:18   | Noticed a dread lich
 56414 | Zig:18   | Noticed a dread lich
 56415 | Zig:18   | Reached skill level 15 in Air Magic
 56416 | Zig:18   | Noticed an ancient lich
 56417 | Zig:18   | Killed a dread lich
 56417 | Zig:18   | Killed a dread lich
 56422 | Zig:18   | Killed an ancient lich
 56718 | Zig:18   | Found the ring of the Hare {EV+10}
 56732 | Zig:18   | Identified the staff of Responsibility {rPois rF++ rCorr
                  | Str+2 Dex-4 Poison}
 56749 | Zig:18   | Identified the staff "Zoess" {rElec rF+ rN+ MP+9 Str+3
                  | Fire}
 56753 | Zig:18   | Identified the ring "Emic" {Ice rPois Dex+5}
 56755 | Zig:18   | Identified the +0 rapier of Recklessness {pain, rN+ Int+3}
 56765 | Zig:19   | Entered Level 19 of a ziggurat
 56809 | Zig:19   | Identified the staff "Dexu" {rPois rC+ rN+ Stlth+ Necro
                  | Tloc}
 56829 | Zig:19   | Identified the +7 scale mail "Bodat" {Int+3}
 56832 | Zig:19   | Identified the +1 sling of the Enormous God {flame, Stlth+}
 56847 | Zig:20   | Entered Level 20 of a ziggurat
 56852 | Zig:20   | Learned a level 1 spell: Apportation
 56856 | Zig:20   | Learned a level 3 spell: Vhi's Electric Charge
 56869 | Zig:20   | Found the amulet of the Air {Inacc Air Fly rElec RMsl}
 56874 | Zig:20   | Found the +10 dark maul {heavy}
 56899 | Zig:20   | Identified the +0 crystal plate armour of the Endless
                  | Expanse {rPois Will+ Int+2}
 56906 | Zig:20   | Identified the +3 flail of Tumult {flame, rPois Dex+3}
 56937 | Zig:21   | Entered Level 21 of a ziggurat
 56979 | Zig:21   | Noticed an ancient lich
 56979 | Zig:21   | Noticed a dread lich
 56988 | Zig:21   | Killed an ancient lich
 56989 | Zig:21   | Killed a dread lich
 57124 | Zig:21   | Identified the +7 morningstar of the Ten Beggars {vamp,
                  | rC+}
 57131 | Zig:21   | Identified the amulet of Ukhosusikk {rElec rN+ Regen+}
 57146 | Zig:21   | Identified the +1 hand axe "Foaziav" {spect, rElec MP+9
                  | SInv}
 57156 | Zig:21   | Identified the +6 trident "Nuyczur" {vamp, rF+ rCorr}
 57159 | Zig:21   | Identified the ring "Beyzedod" {rPois Int-4 Dex+4}
 57186 | Zig:22   | Entered Level 22 of a ziggurat
 57263 | Zig:22   | Got the Exposition on Calescent Excavation
 57272 | Zig:22   | Identified the ring "Mipp" {rC+ Str+2 Dex+3}
 57285 | Zig:23   | Entered Level 23 of a ziggurat
 57286 | Zig:23   | Noticed a dread lich
 57286 | Zig:23   | Noticed a dread lich
 57296 | Zig:23   | Killed a dread lich
 57650 | Zig:23   | Identified the ring of the Final Decision {rPois Str+2
                  | Dex+6 Stlth+}
 57651 | Zig:23   | Identified the ring "Iklonecs" {rF++ AC+4 Slay-6}
 57653 | Zig:23   | Identified the staff "Death Rattle" {rN+ Int+4 Necro}
 57654 | Zig:23   | Identified the staff of the Jumping Gods {rCorr Dex+3 SInv
                  | Earth}
 57655 | Zig:23   | Identified the staff of Departure {Contam rPois rN+ Str+9
                  | Int+2 Necro}
 57673 | Zig:24   | Entered Level 24 of a ziggurat
 57738 | Zig:24   | Reached skill level 27 in Fighting
 57749 | Zig:24   | Identified the +6 halberd of Hash {pain, Fragile rElec
                  | Int+9 SInv}
 57762 | Zig:24   | Identified the ring of Plog {rC+ Int+6 Dex+3 Stlth-}
 57780 | Zig:24   | Identified the +6 whip of Wealth {heavy, rF- rC+++ MP-9
                  | Str+3}
 57781 | Zig:24   | Identified the +2 pair of gloves "Urarer" {Str+3}
 57785 | Zig:24   | Identified the +4 shortbow of the End {elec, rPois}
 57788 | Zig:25   | Entered Level 25 of a ziggurat
 57813 | Zig:25   | Killed by an exploding jorogumo... ignited by their inner
                  | flame

Illustrated notes

Levels and vault maps discovered:
D:1:      minmay_arrival_arboretum_small, layout_rooms, serial_shops,
          nicolae_shop_waterfront, minmay_strange_pillars
D:2:      minmay_spotlight, layout_basic, serial_shops, shop
D:3:      layout_loops_ring, mainiacjoe_overflow_catwalk,
          gammafunk_ghost_abyssal_escape, grunt_ministairs_8, kennysheep_path_1,
          uniq_crazy_yiuf_cottage
D:4:      layout_basic, kennysheep_little_box, nicolae_overflow_hidden_temple,
          portal_sewer_entry_f, nicolae_eternal_life, hex_medium,
          nicolae_elemental_shop, kennysheep_generic_room_8
D:5:      layout_loops_ring, mainiacjoe_overflow_large_starburst,
          minmay_temple_entry_statues_pillars, uniq_pikel
D:6:      layout_basic, old_standard_altar, uniq_eustachio
D:7:      layout_loops_corners, uniq_joseph
D:8:      layout_rooms, minmay_hedge_maze,
          hangedman_abyss_or_decor_jellyfish_corner,
          hangedman_abyss_or_decor_passed, chequers_garden, minmay_evil_grid
D:9:      layout_cave_pools, jmf_multi_god_temple, orc_david_3, serial_rivers,
          chequers_serial_rivers_micro_a, chequers_serial_rivers_micro_b,
          chequers_serial_rivers_small_a, chequers_serial_rivers_small_a,
          chequers_serial_rivers_room_a
D:10:     layout_basic, nicolae_ru_path_of_blood, due_lair_maze_entry_diamond,
          onia_ninara_cookie
D:11:     nicolae_cairo_tiling_large_dashed, layout_loops_ring
D:12:     layout_rooms
D:13:     layout_stronghold
D:14:     layout_roguey, erik_vaults_2, xom_redecorated
D:15:     gammafunk_enter_depths_forms, layout_irregular_city,
          minmay_misc_feat_hallway, minmay_misc_feat_ornament,
          statue_in_the_mist_lemuel, dreamdust_wishing_well
Temple:   nicolae_temple_figure_eight
Lair:1:   layout_chaotic_city, evilmike_ambush [evilmike_ambush_outer_pillars,
          evilmike_ambush_inner_cross]
Lair:2:   layout_gridlike, minmay_swamp_entry_worms,
          spider_nest_entry_funnel_web, beast_lair_carwin_9, uniq_amaemon,
          uniq_harold
Lair:3:   gammafunk_boulding_lane, layout_small_grid, grunt_forest_stairs_basic,
          uniq_sonja, uniq_fannar
Lair:4:   layout_roguey, slime_entry_1
Lair:5:   grunt_lair_end_beastmaster, layout_regular_city
Swamp:1:  layout_basic_swamp, evilmike_swamp_ruin_house_5,
          infiniplex_staircase_pool_2
Swamp:2:  layout_basic_swamp, gammafunk_ghost_berserking_beasts,
          evilmike_swamp_ruin_wall, uniq_aizul
Swamp:3:  layout_basic_swamp, evilmike_swamp_ruin_house_1, swamp_pool3,
          uniq_kirke, uniq_bai_suzhen
Swamp:4:  swamp_basic_johnstein, layout_basic_swamp, swamp_pool5,
          nicolae_swamp_orc_logging_accident, nicolae_swamp_soggy_hallways,
          uniq_mara, uniq_roxanne, uniq_donald, uniq_louise
Spider:1: layout_cave_pods, nicolae_spider_swamp_cousins, uniq_azrael,
          uniq_rupert, uniq_frances
Spider:2: layout_spider_delve, uniq_mlioglotl
Spider:3: layout_spider_delve
Spider:4: hellmonk_spider_rune_bug_friends, spiders_nest_hornet_nest
Orc:1:    layout_diamond_mine, portal_ice_cave_entry_pillars_2
Orc:2:    st_orc_elflike, layout_caves, basic_altar
Elf:1:    nicolae_elf_arrival_fired_up, layout_loops_cross,
          hangedman_corner_corridor, abandoned_shop, uniq_asterion
Elf:2:    nicolae_elf_blades_crystal_corner, layout_onion_city, minivault_5
Elf:3:    minmay_elf_hall_not_hex, layout_geoelf_grid, serial_shops, shop,
          nicolae_shop_tiny_glass, shop, serial_sigils_hangedman_leer
Vaults:1: v_misc_1, hangedman_vaults_stretched_pinwheel,
          nicolae_vaults_specimen_jars, nicolae_vaults_three_branches,
          grunt_vaults_bifocal, nicolae_vaults_hallways_thing, v_misc_17,
          hangedman_vaults_impose, ontoclasm_vaults_shout,
          nicolae_vaults_apartment_1, layout_vaults_omnibox, serial_shops, shop
Vaults:2: dpeg_vaults_monster_row, v_rooms_5, minmay_crypt_entry_simple_statues,
          ontoclasm_vaults_decontamination, v_misc_17,
          nicolae_vaults_angled_halls, vaults_dpeg_doors,
          hangedman_vaults_restitches, layout_vaults_big_room, serial_shops,
          shop
Vaults:3: advil_vaults_ghost_lines, vaults_standard_mumra_lines,
          ontoclasm_vaults_eye, nicolae_vaults_doubleplus_tesselated,
          nicolae_vaults_surprise_closet_hard, hangedman_vaults_variations,
          nicolae_vaults_taking_the_gang_shopping,
          nicolae_vaults_bisected_slash, layout_vaults_omnigrid, serial_shops,
          nicolae_shop_scrapyard, uniq_xtahua
Vaults:4: hangedman_vaults_capsules, v_misc_5, nicolae_vaults_big_ls,
          v_alt_pattern_2, v_misc_1, nicolae_vaults_stepped_doors,
          nicolae_vaults_security_offices_3, nicolae_vaults_octothorpe,
          ontoclasm_vaults_idyll, v_misc_25, layout_vaults_ring, uniq_saint_roka
Crypt:1:  layout_rooms, evilmike_ambush [evilmike_ambush_outer_basic,
          evilmike_ambush_inner_basic], uniq_sojobo
Crypt:2:  layout_basic, grunt_megastairs_4
Crypt:3:  due_elkab, layout_chaotic_city, tomb_entry_forgotten_bobbens,
          minmay_misc_feat_columns
Depths:1: layout_basic, hell_entry, rand_demon_pan_entry_3, chequers_jeans,
          eat_drink_and_be_merry_uskayaw, minmay_shoptagon
Depths:2: grunt_double_whammy, layout_cave_pools, enter_ziggurat_a,
          enter_trove_5, rand_demon_pan_entry_9, marbit_kobold_abyss_entry,
          hell_entry, minmay_st_funbox, vehumet_crystals,
          minmay_staircase_bubble
Zig:25

Skill      XL: |  1  2  3  4  5  6  7  8  9 10 11 12 13 14 15 16 17 18 19 20 21 22 23 24 25 26 27 |
---------------+----------------------------------------------------------------------------------+-----
Transmutations | 3 5 11 12 13 14 19 | 19.3
Poison Magic   | 2 3 |  3.6
Spellcasting   | 3 4 6 7 9 14 | 14.6
Unarmed Combat | 4 8 10 12 13 15 18 20 21 22 23 24 25 27 | 27.0
Dodging        | 4 7 8 9 13 18 | 18.6
Ice Magic      | 3 |  3.1
Fighting       | 6 10 14 18 27 | 27.0
Invocations    | 7 9 11 13 15 | 15.0
Translocations | 6 |  6.0
Shields        | 4 5 15 | 15.3
Earth Magic    | 6 12 | 12.0
Air Magic      | 12 13 14 18 | 18.8

Action                     |  1- 3 |  4- 6 |  7- 9 | 10-12 | 13-15 | 16-18 | 19-21 | 22-24 | 25-27 || total
---------------------------+-------+-------+-------+-------+-------+-------+-------+-------+-------++-------
  Melee: Unarmed           |    68 |   171 |   297 |   475 |   407 |  1052 |   921 |   649 |   513 ||  4553
         Kick              |     6 |     5 |       |       |       |       |       |       |       ||    11
         Tailslap          |     7 |     3 |     7 |     7 |     7 |    74 |   197 |   132 |    64 ||   498
         Punch             |     1 |     1 |       |     4 |     8 |    25 |     7 |     3 |    27 ||    76
         Headbutt          |     3 |     1 |       |       |       |       |       |       |       ||     4
         Staff             |       |       |       |       |       |       |       |       |     1 ||     1
   Fire: Sling             |    21 |     7 |       |       |       |       |       |       |       ||    28
         Greatsling        |       |       |       |       |    12 |       |       |       |       ||    12
  Throw: Stone             |       |       |       |     2 |       |       |       |       |       ||     2
   Cast: Beastly Appendage |    13 |     8 |       |       |       |       |       |       |       ||    21
         Spider Form       |     2 |    15 |    54 |    16 |       |       |       |       |       ||    87
         Wereblood         |       |       |    16 |    22 |    18 |    44 |    25 |    16 |    18 ||   159
         Ice Form          |       |       |       |    33 |    48 |    62 |       |       |       ||   143
         Blade Hands       |       |       |       |     1 |     1 |    25 |     3 |     2 |       ||    32
         Frozen Ramparts   |       |       |       |       |     4 |     2 |       |       |       ||     6
         Lesser Beckoning  |       |       |       |       |     2 |    42 |    84 |     9 |    14 ||   151
         Statue Form       |       |       |       |       |       |       |    54 |    49 |    15 ||   118
         Storm Form        |       |       |       |       |       |       |       |       |    12 ||    12
         Apportation       |       |       |       |       |       |       |       |       |     8 ||     8
         Vhi's Electric Ch |       |       |       |       |       |       |       |       |     5 ||     5
         Dragon Form       |       |       |       |       |       |       |       |       |     2 ||     2
 Invoke: Temporal Distorti |       |       |       |     2 |     4 |     6 |     8 |     3 |     1 ||    24
         Slouch            |       |       |       |       |     2 |    21 |     7 |     2 |    14 ||    46
         Step From Time    |       |       |       |       |       |     1 |     1 |       |       ||     2
         Bend Time         |       |       |       |       |       |       |     1 |     1 |       ||     2
Ability: Breathe Dispellin |       |       |     2 |     1 |       |     1 |     2 |       |       ||     6
         End Transformatio |       |       |       |     2 |       |     7 |       |     2 |     7 ||    18
         Blinkbolt         |       |       |       |       |       |       |       |       |    13 ||    13
         Evoke Blink       |       |       |       |       |       |       |       |       |     1 ||     1
  Evoke: Wand              |       |       |       |    12 |       |    19 |       |       |     7 ||    38
         Tin of tremorston |       |       |       |       |       |       |       |       |     2 ||     2
    Use: Potion            |     2 |       |     5 |     4 |     1 |     2 |     1 |     5 |    33 ||    53
         Scroll            |     4 |     5 |     9 |    11 |     8 |    15 |     2 |     3 |    14 ||    71
   Stab: Sleeping          |       |     1 |     2 |     1 |     4 |     2 |     3 |     3 |       ||    16
         Distracted        |       |       |       |       |     2 |       |     1 |     1 |       ||     4
         Betrayed ally     |       |       |       |       |       |     1 |       |       |       ||     1
         Confused          |       |       |       |       |       |     3 |       |       |       ||     3
         Invisible         |       |       |       |       |       |       |       |       |    94 ||    94
         Petrifying        |       |       |       |       |       |       |       |       |     7 ||     7
         Petrified         |       |       |       |       |       |       |       |       |     2 ||     2
 Armour: Skin              |    22 |    19 |    14 |    62 |    93 |   175 |   141 |    82 |   176 ||   784
  Dodge: Dodged            |    32 |   116 |   181 |   282 |   253 |   676 |   909 |   843 |  1098 ||  4390
  Block: Other             |     7 |    36 |    44 |       |       |       |       |       |       ||    87
         Reflection        |     1 |       |     1 |       |       |       |       |       |       ||     2
         Buckler           |       |       |       |       |       |   103 |   438 |   505 |   329 ||  1375

Table legend: (Time is in decaauts)
 A = Elapsed time spent in this place.
 B = Non-inter-level travel time spent in this place.
 C = Inter-level travel time spent in this place.
 D = Time resting spent in this place.
 E = Time spent auto-exploring this place.
 F = Levels seen in this place.
 G = Mean time per level.
                   A        B        C        D        E       F      G
               +--------+--------+--------+--------+--------+-----+--------+
         Total |  83560 |  76900 |   6660 |  10941 |  47677 |  70 | 1193.7 |
       Dungeon |  22862 |  19747 |   3115 |   2382 |  13479 |  15 | 1524.1 |
        Temple |    216 |    199 |     17 |      0 |    189 |   1 |  216.0 |
          Lair |  10331 |   9562 |    769 |    754 |   7309 |   5 | 2066.2 |
         Swamp |   7068 |   6702 |    366 |   1653 |   3829 |   4 | 1767.0 |
   Spider Nest |   7115 |   6759 |    356 |   1427 |   3735 |   4 | 1778.8 |
  Orcish Mines |   3171 |   2355 |    816 |    158 |   1626 |   2 | 1585.5 |
   Elven Halls |   7015 |   6550 |    465 |   1335 |   3895 |   3 | 2338.3 |
        Vaults |   9465 |   9001 |    464 |    365 |   6814 |   4 | 2366.2 |
         Crypt |   5928 |   5706 |    222 |    308 |   3625 |   3 | 1976.0 |
        Depths |   3163 |   3097 |     66 |      0 |   2331 |   2 | 1581.5 |
      Ziggurat |   5321 |   5321 |      0 |   2360 |      0 |  25 |  212.8 |
         Sewer |   1084 |   1084 |      0 |    199 |    538 |   1 | 1084.0 |
      Ice Cave |    813 |    813 |      0 |      0 |    304 |   1 |  813.0 |
               +--------+--------+--------+--------+--------+-----+--------+

Top non-repeatable levels by time:
  Lair:2: 2872 daAuts
    D:13: 2795 daAuts
Vaults:4: 2666 daAuts
 Crypt:3: 2628 daAuts
Spider:3: 2514 daAuts
   Elf:2: 2496 daAuts
Vaults:1: 2445 daAuts
Vaults:3: 2415 daAuts
   Elf:1: 2408 daAuts
  Lair:5: 2277 daAuts
Spider:1: 2255 daAuts
    D:15: 2251 daAuts
 Swamp:3: 2213 daAuts
     D:7: 2213 daAuts
Depths:1: 2176 daAuts
